[Event "ICC tourney 1901 (45 10)"]
[Site "Internet Chess Club"]
[Date "2020.07.04"]
[Round "5"]
[White "JosephLevine"]
[Black "NK3"]
[Result "1-0"]
[ICCResult "Black checkmated"]
[WhiteElo "1425"]
[BlackElo "1868"]
[Opening "Sicilian: dragon, Yugoslav attack, 10.O-O-O"]
[ECO "B78"]
[NIC "SI.18"]
[Time "21:00:41"]
[TimeControl "2700+10"]

1. e4 c5 2. Nf3 d6 3. d4 cxd4 4. Nxd4 Nf6 5. Nc3 g6 6. Be3 Bg7 7. f3 O-O 8.
Qd2 Nc6 9. Bc4 Bd7 10. O-O-O Rc8 11. Bb3 Nxd4 12. Bxd4 b5 13. Nd5 Nxd5 14.
Bxg7 Kxg7 15. exd5 a5 16. a3 Kg8 17. Rhe1 Rc5 18. g4 b4 19. axb4 axb4 20.
Qxb4 Qa8 21. Rxe7 Qa1+ 22. Kd2 Qxb2 23. Qf4 Bb5 24. Ke1 Qc3+ 25. Kf2 Bc4 26.
Qxd6 Bxb3 27. cxb3 Qc2+ 28. Kg3 Ra5 29. Rde1 Ra2 30. R1e2 Qxb3 31. Re8 Rxe8
32. Rxe8+ Kg7 33. Qf8+ Kf6 34. Re6+ Kg5 35. h4# {Black checkmated} 1-0

[Event "ICC tourney 1901 (45 10)"]
[Site "Internet Chess Club"]
[Date "2020.07.04"]
[Round "5"]
[White "Venom2020"]
[Black "TjkTiger"]
[Result "0-1"]
[ICCResult "White resigns"]
[WhiteElo "1544"]
[BlackElo "1549"]
[Opening "Sicilian: accelerated fianchetto, modern variation with Bc4"]
[ECO "B35"]
[NIC "SI.43"]
[Time "21:00:14"]
[TimeControl "2700+10"]

1. e4 c5 2. Nf3 g6 3. d4 cxd4 4. Nxd4 Bg7 5. Nc3 Nc6 6. Be3 Nf6 7. Bc4 O-O
8. Bb3 Re8 9. O-O d6 10. h3 Na5 11. f4 b6 12. e5 Nxb3 13. Nxb3 dxe5 14. fxe5
Qxd1 15. Raxd1 Nd7 16. e6 fxe6 17. Nd4 Ne5 18. Ncb5 Ba6 19. Rfe1 Rec8 20.
Nxe6 Bxb5 21. Nxg7 Rxc2 22. Ne6 Nd3 23. Rf1 Nxb2 24. Rc1 Rxc1 25. Rxc1 Bc4
26. Nc7 Rd8 27. Rc2 Nd1 28. Bxb6 Bd3 29. Rd2 axb6 30. Rxd1 Kf7 31. Kf2 Rd7
32. Na6 Ke6 33. Nb4 Bc4 34. Rxd7 Kxd7 35. Ke3 Kd6 36. g3 Kc5 37. a3 Bf1 38.
h4 Kc4 39. Kf4 Bg2 40. Ke5 Kb3 41. Ke6 Kxa3 42. Na6 b5 43. Kxe7 b4 44. Nxb4
Kxb4 45. Kf6 Bf3 46. Kg7 h5 47. Kxg6 Bg4 48. Kg5 Kc4 49. Kf4 Kd3 50. Ke5 Ke3
51. Kd5 Kf3 52. Kd4 Kxg3 53. Ke3 Bf3 54. Kd2 Kxh4 55. Ke1 Kg3 56. Kf1 h4 57.
Kg1 h3 {White resigns} 0-1

[Event "ICC tourney 1901 (45 10)"]
[Site "Internet Chess Club"]
[Date "2020.07.04"]
[Round "5"]
[White "dpomerantz135"]
[Black "MrNormalName"]
[Result "0-1"]
[ICCResult "White resigns"]
[WhiteElo "1810"]
[BlackElo "1666"]
[Opening "Ruy Lopez: Berlin defense, open variation"]
[ECO "C67"]
[NIC "RL.07"]
[Time "21:00:24"]
[TimeControl "2700+10"]

1. e4 e5 2. Nf3 Nc6 3. Bb5 Nf6 4. O-O Nxe4 5. d4 Nd6 6. Bxc6 dxc6 7. dxe5
Nf5 8. Qxd8+ Kxd8 9. h3 Be7 10. Nc3 Nh4 11. Nxh4 Bxh4 12. g3 Be7 13. Kg2 Bf5
14. Rd1+ Ke8 15. Be3 Bxc2 16. Rd2 Bf5 17. g4 Be6 18. f4 f5 19. exf6 gxf6 20.
f5 Bf7 21. Bf4 Rd8 22. Re2 Rd7 23. Rae1 Bc4 24. Re4 Bd5 25. Nxd5 cxd5 26.
Re6 Kf7 27. h4 d4 28. Kf3 Rg8 29. Rg1 c5 30. g5 d3 31. Bd2 Rd5 32. Rge1 Bd8
33. Kg4 h5+ 34. Kxh5 fxg5 35. hxg5 Rxf5 36. Kg4 Rgxg5+ 37. Bxg5 Rxg5+ 38.
Kf4 d2 39. Rd1 Kxe6 40. Rxd2 Rf5+ 41. Ke4 Re5+ 42. Kf3 Be7 43. Rh2 Kd5 44.
Rd2+ Kc6 45. Rg2 b5 46. Rg6+ Bd6 47. Rg7 Re7 48. Rg6 c4 {White resigns} 0-1

[Event "ICC tourney 1901 (45 10)"]
[Site "Internet Chess Club"]
[Date "2020.07.04"]
[Round "5"]
[White "RagingKnightNC"]
[Black "allez"]
[Result "1/2-1/2"]
[ICCResult "Game drawn because neither player has mating material"]
[WhiteElo "1656"]
[BlackElo "1689"]
[Opening "QGD semi-Slav"]
[ECO "D43"]
[NIC "SL.03"]
[Time "21:00:10"]
[TimeControl "2700+10"]

1. d4 d5 2. c4 c6 3. Nc3 Nf6 4. Nf3 e6 5. Bg5 Be7 6. e3 O-O 7. a3 Nbd7 8.
cxd5 Nxd5 9. Bxe7 Qxe7 10. Be2 Nxc3 11. bxc3 c5 12. O-O b6 13. Nd2 Bb7 14.
Bf3 Bxf3 15. Nxf3 Rac8 16. Qb3 Rc7 17. d5 exd5 18. Qxd5 Nf6 19. Qe5 Qxe5 20.
Nxe5 Re8 21. Nc4 Ne4 22. Rac1 b5 23. Nb2 Rd7 24. Rfd1 Rxd1+ 25. Nxd1 Rd8 26.
f3 Nd2 27. Nb2 Nb3 28. Rd1 Rxd1+ 29. Nxd1 Nd2 30. Kf2 Nc4 31. Ke2 Nxa3 32.
Nb2 c4 33. Kd2 a5 34. e4 Kf8 35. Nd1 b4 36. Ne3 Nb1+ 37. Kc2 Nxc3 38. Nxc4
a4 39. Nb2 a3 40. Nd3 a2 41. Kb2 b3 42. Nc5 Nd1+ 43. Ka1 Ne3 44. Nxb3 Nxg2
45. Kxa2 Ke7 46. Kb2 Kf6 47. Kc2 Ke5 48. Kd3 Kf4 49. Ke2 Nh4 50. Nd4 g6 51.
Kf2 g5 52. Ne2+ Ke5 53. Kg3 f6 54. Kg4 Ng6 55. h3 Nf8 56. Ng3 Ne6 57. Nf5
Nf4 58. Ng7 Kd4 59. Kf5 Nxh3 60. Kxf6 Ke3 61. Nh5 g4 62. fxg4 Kxe4 63. Ke6
Nf2 64. g5 Nh3 65. Nf6+ Kf3 66. Nxh7 Nxg5+
{Game drawn because neither player has mating material}
1/2-1/2